[Event "Titled Tuesday Blitz February 07 Late 2023"]
[White "MunichMouse"]
[Black "Veiga, Jose Francisco R P Neves"]
[BlackFideId "1930087"]
[WhiteElo "2253"]
[BlackElo "2406"]
[Result "0-1"]
[Round "03"]
[TimeControl "180+2"]
[Date "2023.02.07"]
[WhiteClock "0:00:20"]
[BlackClock "0:01:08"]

1. d4 g6 2. c4 Bg7 3. g3 c5 4. d5 e6 5. Bg2 exd5 6. cxd5 d6 7. Nc3 Nf6 8. Nf3 O-O 9. O-O Bg4 10. Nd2 Re8 11. h3 Bc8 12. a4 b6 13. Nc4 Bb7 14. Bf4 Bf8 15. e4 Ba6 16. b3 Bxc4 17. bxc4 Nbd7 18. Re1 Ne5 19. Bxe5 Rxe5 20. f4 Re8 21. e5 Nh5 22. Qf3 dxe5 23. fxe5 Qg5 24. Ne4 Qxe5 25. g4 Qd4+ 26. Kh1 Rxe4 27. gxh5 Rxe1+ 28. Rxe1 Bd6 29. Qg4 Qxg4 30. hxg4 Kg7 31. Bf1 Kh6 32. Kg2 gxh5 33. gxh5 Kxh5 34. Kf3 Rg8 35. Be2 Rg3+ 36. Ke4+ Kg6 37. Bf3 f5+ 38. Ke3 h5 39. Rh1 Rg5 40. Rh3 Bg3 41. Rh1 h4 42. d6 Kf7 43. Bd5+ Ke8 44. Bc6+ Kd8 45. Kf3 Rg6 0-1


[Site "https://www.chess.com"]

[Event "Titled Tuesday Blitz February 07 Late 2023"]
[White "Clawitter, Craig"]
[Black "Filgueira, Hernan"]
[WhiteFideId "2023105"]
[BlackFideId "101770"]
[WhiteElo "2050"]
[BlackElo "2283"]
[Result "0-1"]
[Round "03"]
[TimeControl "180+2"]
[Date "2023.02.07"]
[WhiteClock "0:00:11"]
[BlackClock "0:00:57"]

1. e4 e6 2. d4 d5 3. e5 c5 4. c3 Nc6 5. Nf3 Bd7 6. Be2 Nge7 7. O-O Ng6 8. g3 Be7 9. h4 cxd4 10. cxd4 O-O 11. h5 Nh8 12. h6 g6 13. Nc3 f6 14. Bd3 Nf7 15. exf6 Bxf6 16. Be3 Re8 17. Kg2 Rc8 18. Rc1 Ng5 19. Nxg5 Bxg5 20. Qg4 Bf6 21. Bxg6 hxg6 22. Qxg6+ Kh8 23. h7 Qe7 24. Ne2 Rf8 25. Rh1 Be8 26. Qg4 Bg7 27. Nf4 Rxf4 28. Qxf4 Bg6 29. Qg5 Qxg5 30. Bxg5 Bxh7 31. Rh4 Kg8 32. Rch1 Bf5 33. Be3 Ne7 34. Rc1 Rxc1 35. Bxc1 Ng6 36. Rh1 Bxd4 37. Rd1 Bb6 38. b3 Ne5 39. Bf4 Be4+ 40. Kh3 Nd3 41. f3 Nf2+ 0-1


[Site "https://www.chess.com"]

[Event "Titled Tuesday Blitz February 07 Late 2023"]
[White "ArchibaldCerveza29"]
[Black "Tobares, Leandro"]
[BlackFideId "106402"]
[WhiteElo "2520"]
[BlackElo "2189"]
[Result "1-0"]
[Round "03"]
[TimeControl "180+2"]
[Date "2023.02.07"]
[WhiteClock "0:00:04"]
[BlackClock "0:00:01"]

1. e4 c5 2. Nf3 g6 3. d4 cxd4 4. Nxd4 Bg7 5. Nc3 Nc6 6. Be3 Nf6 7. Nxc6 bxc6 8. e5 Ng8 9. f4 Nh6 10. Bd3 O-O 11. O-O d6 12. Be4 d5 13. Bf3 f6 14. Nxd5 fxe5 15. fxe5 Nf5 16. Bc5 Ba6 17. Nxe7+ Nxe7 18. Qxd8 Rfxd8 19. Bxe7 Bxf1 20. Bxd8 Rxd8 21. Kxf1 Bxe5 22. Bxc6 Bxb2 23. Rb1 Bd4 24. c4 Bb6 25. Bd5+ Kg7 26. Re1 Rf8+ 27. Bf3 g5 28. Re5 Kf6 29. Rd5 Rd8 30. Rb5 Rc8 31. Bd5 Rc5 32. Rb3 Ra5 33. Rb2 Bd4 34. Re2 Ra3 35. Re4 Be5 36. c5 Bxh2 37. Re6+ Kf5 38. Re7 Rc3 39. c6 Rc1+ 40. Ke2 Bg3 41. Rxa7 Re1+ 42. Kf3 Bf4 43. g4+ Kf6 44. Rxh7 Re3+ 45. Kf2 Rd3 46. c7 Rd2+ 47. Kf3 Bxc7 48. Rxc7 Rxd5 49. Ke4 Ra5 50. Rc6+ Ke7 51. Rc2 Ra4+ 52. Kf5 Ra5+ 53. Kg6 Ke6 54. Rb2 Rc5 55. Re2+ Kd7 56. Rf2 Ra5 57. Re2 Rb5 58. Kf6 Ra5 59. Rd2+ Ke8 60. Ke6 Ra6+ 61. Kf5 Ra5+ 62. Kf6 Ra6+ 63. Kxg5 Ra5+ 64. Kh6 Kf7 65. g5 Ra6+ 66. Kh5 Kg7 67. Rd7+ Kg8 68. Rd2 Rb6 69. a4 Ra6 70. Rd4 Ra7 71. g6 Ra6 72. Kh6 Ra8 73. Rb4 Rc8 74. a5 Ra8 75. a6 1-0


[Site "https://www.chess.com"]

[Event "Titled Tuesday Blitz February 07 Late 2023"]
[White "Dauner, Benedikt"]
[Black "Guzman Moneo, Alberto"]
[WhiteFideId "16225899"]
[BlackFideId "2209616"]
[WhiteElo "2400"]
[BlackElo "2170"]
[Result "1-0"]
[Round "03"]
[TimeControl "180+2"]
[Date "2023.02.07"]
[WhiteClock "0:00:45"]
[BlackClock "0:00:09"]

1. d4 Nf6 2. Nf3 c5 3. c3 g6 4. dxc5 a5 5. Nbd2 a4 6. e4 Bg7 7. e5 Ng4 8. Nc4 Nc6 9. Qe2 Qc7 10. Nd6+ Kf8 11. Ng5 Ngxe5 12. Nb5 Qd8 13. f4 f6 14. fxe5 fxg5 15. Bxg5 Nxe5 16. O-O-O a3 17. b4 Nf7 18. Bf4 e5 19. Be3 d5 20. cxd6 Bd7 21. Qf2 Rc8 22. Bb6 Qg5+ 23. Be3 Qxe3+ 24. Qxe3 Bh6 25. Qxh6+ Nxh6 26. Nxa3 Rxc3+ 27. Kb2 Re3 28. Bc4 Nf5 29. Rhe1 Kg7 30. Rxe3 Nxe3 31. Re1 Nxg2 32. Rxe5 Re8 33. Rxe8 Bxe8 34. Bd5 Nf4 35. Bxb7 Nd3+ 36. Kc3 Ne5 37. Nc4 Nxc4 38. Kxc4 Kf6 39. Kc5 g5 40. Bc6 Bg6 41. b5 g4 42. b6 h5 43. b7 Be4 44. Bxe4 g3 45. hxg3 h4 46. gxh4 Ke6 47. b8=Q Ke5 48. Bd5 Kf4 49. a4 Ke3 50. a5 Kd2 51. a6 Kc3 52. a7 Kd2 53. a8=Q Kc3 54. d7 Kd2 55. d8=Q Kc3 56. h5 Kd2 57. h6 Kc3 58. h7 Kd2 59. h8=Q Kd3 60. Qa3+ Kc2 61. Qbb2+ 1-0


[Site "https://www.chess.com"]

[Event "Titled Tuesday Blitz February 07 Late 2023"]
[White "Ismagilov, Damir"]
[Black "Zhang, Alan"]
[WhiteFideId "34199982"]
[BlackFideId "30936870"]
[WhiteElo "2156"]
[BlackElo "2001"]
[Result "1-0"]
[Round "03"]
[TimeControl "180+2"]
[Date "2023.02.07"]
[WhiteClock "0:00:34"]
[BlackClock "0:00:03"]

1. e4 e5 2. Nf3 Nc6 3. Nc3 Nf6 4. a4 Bb4 5. Bd3 O-O 6. O-O d6 7. Nd5 Nxd5 8. exd5 Ne7 9. c3 Bc5 10. b4 Bb6 11. a5 f5 12. Ne1 e4 13. Bc2 Bd4 14. cxd4 Nxd5 15. Bb3 Be6 16. d3 Qf6 17. dxe4 fxe4 18. Bxd5 Bxd5 19. Nc2 Bc4 20. Be3 Bxf1 21. Qxf1 Rae8 22. Na3 d5 23. Qb5 Qd6 24. Qxb7 Rb8 25. Qxa7 Rxb4 26. Qc5 Qxc5 27. dxc5 d4 28. Nc2 dxe3 29. Nxb4 e2 30. Nc2 Rd8 31. Ne3 Rd3 32. Re1 Ra3 33. Rxe2 Rxa5 34. Rc2 Ra1+ 35. Nf1 Kf7 36. Rc4 Re1 37. g3 Ke6 38. Kg2 Kd5 39. Rc2 c6 40. Ne3+ Kd4 41. Nf5+ Ke5 42. Nxg7 Rd1 43. Nh5 Kd5 44. Nf4+ Kd4 45. Re2 Ke5 46. Rb2 Rd5 1-0


[Site "https://www.chess.com"]

[Event "Titled Tuesday Blitz February 07 Late 2023"]
[White "Prem, Pranav"]
[Black "Bongo Akanga Ndjila, Barthelemy"]
[WhiteFideId "30901057"]
[BlackFideId "10609431"]
[WhiteElo "2061"]
[BlackElo "1824"]
[Result "1-0"]
[Round "03"]
[TimeControl "180+2"]
[Date "2023.02.07"]
[WhiteClock "0:00:16"]
[BlackClock "0:00:01"]

1. d4 d5 2. c4 e6 3. Nc3 Nf6 4. Bg5 Be7 5. cxd5 exd5 6. Qc2 c6 7. e3 O-O 8. Bd3 Nbd7 9. Nf3 Re8 10. O-O Nf8 11. Rab1 a5 12. a3 Ng6 13. b4 axb4 14. axb4 Be6 15. b5 c5 16. Bxf6 Bxf6 17. dxc5 Rc8 18. Na4 Bg4 19. Nd4 Nf8 20. Rfc1 g6 21. Be2 Be6 22. Bf3 Bxd4 23. exd4 Bf5 24. Qb3 Bxb1 25. Rxb1 Ne6 26. Bxd5 Qf6 27. Bxe6 Rxe6 28. d5 Re2 29. Rf1 Rce8 30. Qd1 Qf4 31. c6 bxc6 32. bxc6 Qb4 33. d6 Rd2 34. d7 Ra8 35. c7 Rxd1 36. c8=Q+ Kg7 37. Rxd1 Rxa4 38. d8=Q Qb3 39. Qf8+ Kf6 40. Qc6+ Kg5 41. Qd8+ Kh6 42. Qcd5 Qxd5 43. Qxd5 Ra6 44. Qd2+ Kg7 45. Qc3+ Kh6 46. h4 Re6 47. Rd5 1-0


[Site "https://www.chess.com"]

[Event "Titled Tuesday Blitz February 07 Late 2023"]
[White "Hansen, Torbjorn Ringdal"]
[Black "Curtis, John"]
[WhiteFideId "1501720"]
[BlackFideId "3200256"]
[WhiteElo "2432"]
[BlackElo "2292"]
[Result "1-0"]
[Round "03"]
[TimeControl "180+2"]
[Date "2023.02.07"]
[WhiteClock "0:00:52"]
[BlackClock "0:00:10"]

1. c4 Nf6 2. g3 g6 3. Bg2 Bg7 4. d4 O-O 5. Nc3 d6 6. Nf3 Nc6 7. O-O e5 8. dxe5 Nxe5 9. Nxe5 dxe5 10. Qxd8 Rxd8 11. Bg5 Re8 12. Nb5 Re7 13. Rad1 Be6 14. Bxb7 Rb8 15. Bg2 Bxc4 16. Nxa7 Bxe2 17. Nc6 Ree8 18. Nxb8 Rxb8 19. b3 Bxd1 20. Rxd1 h6 21. Be3 Ng4 22. Ba7 Rc8 23. Bb7 Re8 24. Rd7 e4 25. Rxc7 e3 26. fxe3 Nxe3 27. Rc8 Rxc8 28. Bxc8 Nc2 29. Kf2 f5 30. Be6+ Kf8 31. Bc5+ Ke8 32. a4 Bd4+ 33. Bxd4 Nxd4 34. Bc4 Ke7 35. Ke3 Nc6 36. Bb5 Ne5 37. a5 Kd6 38. a6 Ng4+ 39. Kd4 Kc7 40. Kc5 Nxh2 41. Bc6 Kb8 42. Kb6 1-0


[Site "https://www.chess.com"]

[Event "Titled Tuesday Blitz February 07 Late 2023"]
[White "Brilej, Jaka"]
[Black "Levine, David"]
[WhiteFideId "14618818"]
[BlackFideId "2011611"]
[WhiteElo "2321"]
[BlackElo "2040"]
[Result "1-0"]
[Round "03"]
[TimeControl "180+2"]
[Date "2023.02.07"]
[WhiteClock "0:00:07"]
[BlackClock "0:00:05"]

1. d4 d5 2. c4 dxc4 3. e4 Nf6 4. e5 Nd5 5. Bxc4 Nb6 6. Bb3 Nc6 7. Nf3 Bg4 8. Be3 e6 9. Nc3 Bb4 10. O-O O-O 11. a3 Be7 12. Bc2 Bh5 13. h3 Nc4 14. Qd3 Bg6 15. Qxc4 Bxc2 16. Rac1 Na5 17. Qe2 Bg6 18. Rfd1 c6 19. b4 Nb3 20. Rb1 Bxb1 21. Rxb1 Nxd4 22. Nxd4 a5 23. Ne4 axb4 24. axb4 Ra4 25. Qg4 Kh8 26. Bg5 Bxg5 27. Nxg5 h6 28. Ngf3 Qd5 29. Qf4 Kg8 30. Qe3 Rd8 31. Ne2 Qd3 32. Qxd3 Rxd3 33. Ned4 Kf8 34. h4 Ke7 35. h5 Kd7 36. Kf1 Ra2 37. Nb3 Rc3 38. b5 Rcc2 39. bxc6+ bxc6 40. Ne1 Rxf2+ 41. Kg1 Rfb2 42. Nc5+ Kc7 43. Rd1 Rd2 44. Rb1 Rd5 45. Ncd3 c5 46. Rc1 Kb6 47. Rb1+ Ka5 48. Rc1 Rd2 49. Nxc5 Rd1 50. Rxd1 Rxd1 51. Nd3 Kb5 52. Kf2 Kc4 53. Ke2 Kd4 54. Kxd1 1-0


[Site "https://www.chess.com"]

[Event "Titled Tuesday Blitz February 07 Late 2023"]
[White "Gurevich, Ilya"]
[Black "Landaw, Julian"]
[WhiteFideId "2000628"]
[BlackFideId "2023342"]
[WhiteElo "2586"]
[BlackElo "2318"]
[Result "1/2-1/2"]
[Round "03"]
[TimeControl "180+2"]
[Date "2023.02.07"]
[WhiteClock "0:00:16"]
[BlackClock "0:00:16"]

1. d4 Nf6 2. c4 e6 3. Nf3 b6 4. g3 Ba6 5. b3 b5 6. Bg2 bxc4 7. Ne5 Bb4+ 8. Nd2 c3 9. Bxa8 c6 10. O-O cxd2 11. Bxd2 Bxd2 12. Qxd2 Nd5 13. Nc4 O-O 14. Qa5 Nb6 15. Nxb6 axb6 16. Qe5 d6 17. Qe4 Qd7 18. Rfc1 Rc8 19. a4 d5 20. Qh4 Bxe2 21. a5 c5 22. axb6 c4 23. b7 Re8 24. bxc4 Bxc4 25. Qf4 f6 26. Qd2 h6 27. Qb4 Qc6 28. Ra5 e5 29. Rc5 Qe6 30. R1xc4 dxc4 31. d5 Qg4 32. Qxc4 Qd1+ 33. Kg2 Rd8 34. d6+ Kh7 35. Rd5 Qb1 36. Qd3+ Qxd3 37. Rxd3 Kg6 38. Rd1 Kf7 39. Rc1 Ke8 40. Rc8 Kd7 41. Kf3 Rxc8 42. bxc8=Q+ Kxc8 43. Ke4 Kd7 44. Kf5 Kxd6 45. Kg6 Nd7 46. Kxg7 Nb6 47. Bg2 Ke6 48. Kxh6 f5 49. h4 Kf6 50. h5 Nd7 51. Bd5 Nf8 52. f3 Nd7 53. Kh7 Nf8+ 54. Kg8 Nd7 55. h6 Kg6 56. Bf7+ Kxh6 57. Be6 Nf6+ 58. Kf7 Kg5 59. f4+ exf4 60. gxf4+ Kxf4 61. Kxf6 Ke4 62. Bxf5+ 1/2-1/2


[Site "https://www.chess.com"]

[Event "Titled Tuesday Blitz February 07 Late 2023"]
[White "Necula, Iulian"]
[Black "Ozates, Tuna"]
[WhiteFideId "1232380"]
[BlackFideId "6354521"]
[WhiteElo "1851"]
[BlackElo "2251"]
[Result "0-1"]
[Round "03"]
[TimeControl "180+2"]
[Date "2023.02.07"]
[WhiteClock "0:00:08"]
[BlackClock "0:00:51"]

1. d4 Nf6 2. Nc3 e6 3. Bf4 d5 4. e3 a6 5. Nf3 c5 6. h3 Nc6 7. Be2 Bd7 8. Ne5 Be7 9. O-O O-O 10. a3 cxd4 11. exd4 Rc8 12. Re1 Be8 13. Bf1 Nd7 14. Bg3 Ndxe5 15. dxe5 Qb6 16. Rb1 Na5 17. Bd3 Nc4 18. Qc1 Qc7 19. Bxc4 Qxc4 20. Qf4 Qxf4 21. Bxf4 d4 22. Ne4 Rxc2 23. Nd6 Bc6 24. b4 Rd8 25. Rbd1 Bh4 26. g3 Be7 27. Rxd4 g5 28. Be3 f5 29. exf6 Bxd6 30. Red1 Bd5 31. Bxg5 Kf7 32. Rh4 Kg6 33. Rg4 h5 34. Rf4 Kxg5 35. h4+ Kg6 36. Rfd4 Kxf6 37. Rxd5 exd5 38. Rxd5 Bc7 39. Rxh5 Rdd2 0-1


[Site "https://www.chess.com"]

[Event "Titled Tuesday Blitz February 07 Late 2023"]
[White "Battlecruiser_Operational"]
[Black "Balog, Imre"]
[BlackFideId "728446"]
[WhiteElo "2371"]
[BlackElo "2615"]
[Result "1-0"]
[Round "03"]
[TimeControl "180+2"]
[Date "2023.02.07"]
[WhiteClock "0:00:15"]
[BlackClock "0:00:12"]

1. d4 Nf6 2. c4 g6 3. Nc3 Bg7 4. e4 d6 5. Nf3 O-O 6. Be2 e5 7. Be3 Nc6 8. d5 Ne7 9. Nd2 Ne8 10. O-O f5 11. f3 f4 12. Bf2 g5 13. b4 a5 14. bxa5 Rxa5 15. Nb3 Ra8 16. c5 dxc5 17. Nxc5 Nd6 18. a4 b6 19. Ne6 Bxe6 20. dxe6 Ng6 21. Nd5 Re8 22. Qb3 Kh8 23. Rfc1 Ra7 24. Nb4 Ne7 25. Ra2 Qa8 26. h3 Bf6 27. Nd5 Nxd5 28. exd5 Qd8 29. Bd3 Kg7 30. Qc2 h6 31. Bh7 Kh8 32. Bg6 Rg8 33. Bd3 Re8 34. Be2 Qe7 35. Qc6 Rea8 36. a5 Qe8 37. Qxe8+ Nxe8 38. a6 Nd6 39. Rac2 b5 40. Rxc7 Rxc7 41. Rxc7 Rxa6 42. Rc6 Ra1+ 43. Kh2 Nc4 44. Bxc4 bxc4 45. Rxc4 Ra2 46. Bc5 e4 47. e7 Bxe7 48. Bxe7 exf3 49. h4 Rxg2+ 50. Kh1 Rd2 51. Bf6+ Kg8 52. Rd4 Rxd4 53. Bxd4 g4 54. Be5 Kf7 55. Bxf4 h5 56. Kg1 Ke7 57. Kf2 Kf6 58. Ke3 Kf5 59. Bg3 Kf6 60. Kd4 Ke7 61. Ke5 Kd7 62. d6 Kd8 63. Ke6 Ke8 64. d7+ Kd8 65. Bf2 g3 66. Bxg3 f2 67. Bxf2 Kc7 68. Ke7 Kc6 69. d8=Q Kb7 70. Be3 Kc6 71. Qd6+ Kb5 72. Qc7 Ka4 73. Bh6 Ka3 74. Kd6 Ka2 75. Qb7 Ka1 76. Kc5 Ka2 77. Kc4 Ka3 78. Qb3# 1-0


[Site "https://www.chess.com"]

[Event "Titled Tuesday Blitz February 07 Late 2023"]
[White "Fernandez Siles, Luis"]
[Black "Manu_ChessExcelsior"]
[WhiteFideId "2209420"]
[WhiteElo "2218"]
[BlackElo "1881"]
[Result "1-0"]
[Round "03"]
[TimeControl "180+2"]
[Date "2023.02.07"]
[WhiteClock "0:00:30"]
[BlackClock "0:00:04"]

1. d4 d5 2. c4 e6 3. Nc3 a6 4. e3 Nf6 5. Nf3 Be7 6. a3 b6 7. Bd3 O-O 8. O-O Bb7 9. Qe2 Nbd7 10. Rd1 Ne4 11. Bxe4 dxe4 12. Nd2 Nf6 13. f3 exf3 14. Nxf3 Qc8 15. e4 Rd8 16. e5 Ne8 17. Ng5 g6 18. Nge4 c5 19. d5 exd5 20. Nxd5 Bxd5 21. cxd5 Qf5 22. Ng3 Qd7 23. Bf4 Rac8 24. e6 fxe6 25. dxe6 Qb5 26. Qf3 Ng7 27. Rd7 Rxd7 28. exd7 Qxd7 29. Re1 Qc6 30. Qxc6 Rxc6 31. Rxe7 Rf6 32. Be5 Re6 33. Rxe6 Nxe6 1-0


[Site "https://www.chess.com"]

[Event "Titled Tuesday Blitz February 07 Late 2023"]
[White "Castillo Pena, Patricia Evarista"]
[Black "Ozen, Bahadir"]
[WhiteFideId "6412106"]
[BlackFideId "6337058"]
[WhiteElo "1783"]
[BlackElo "2369"]
[Result "0-1"]
[Round "03"]
[TimeControl "180+2"]
[Date "2023.02.07"]
[WhiteClock "0:00:10"]
[BlackClock "0:01:18"]

1. d4 g6 2. Nf3 Bg7 3. Nc3 a6 4. e4 d6 5. Be3 b5 6. Bd3 Nd7 7. Qd2 Bb7 8. O-O-O e5 9. dxe5 dxe5 10. Rhe1 Ngf6 11. Bh6 O-O 12. Bxg7 Kxg7 13. h4 Qe7 14. h5 Nxh5 15. g4 Nf4 16. Rh1 Nc5 17. Nd5 Bxd5 18. exd5 Ncxd3+ 19. cxd3 Qc5+ 20. Kb1 Qxd5 21. Ng5 h6 22. Ne4 Rad8 23. Qe3 Rh8 24. d4 Ne6 25. Qf3 Nf4 26. dxe5 Qxe5 27. Rde1 Nd3 28. Re2 Qf4 0-1


[Site "https://www.chess.com"]

[Event "Titled Tuesday Blitz February 07 Late 2023"]
[White "Gutenev, Alexander"]
[Black "Kovacs, Klara"]
[WhiteFideId "4195540"]
[BlackFideId "733210"]
[WhiteElo "2455"]
[BlackElo "2121"]
[Result "1-0"]
[Round "03"]
[TimeControl "180+2"]
[Date "2023.02.07"]
[WhiteClock "0:02:14"]
[BlackClock "0:01:13"]

1. b3 d5 2. Bb2 Nc6 3. Nf3 Nf6 4. e3 Bg4 5. Bb5 e6 6. h3 Bh5 7. g4 Bg6 8. Ne5 Qd6 9. f4 Be4 10. O-O a6 11. Ba3 Qd8 12. Nxc6 Qd7 13. Bxf8 Kxf8 14. Ne5 Qxb5 15. Nc3 Qb6 16. g5 d4 17. gxf6 dxc3 18. Nd7+ 1-0


[Site "https://www.chess.com"]

[Event "Titled Tuesday Blitz February 07 Late 2023"]
[White "Ansh M Shah"]
[Black "Averjanov, Alexey"]
[WhiteFideId "25033379"]
[BlackFideId "14109867"]
[WhiteElo "2171"]
[BlackElo "2399"]
[Result "1-0"]
[Round "03"]
[TimeControl "180+2"]
[Date "2023.02.07"]
[WhiteClock "0:00:26"]
[BlackClock "0:01:06"]

1. d4 d5 2. c4 dxc4 3. e3 Nf6 4. Bxc4 e6 5. Nf3 a6 6. a4 c5 7. O-O Nc6 8. dxc5 Bxc5 9. Qxd8+ Kxd8 10. b3 Ke7 11. Ba3 Bxa3 12. Nxa3 Na5 13. Rfd1 b6 14. b4 Nxc4 15. Nxc4 Nd7 16. Rac1 Bb7 17. Rxd7+ Kxd7 18. Nxb6+ Kd6 19. Nxa8 Bxa8 20. Nd4 Rb8 21. Rb1 Kd5 22. Kf1 Kc4 23. b5 axb5 24. axb5 Kc5 25. Rc1+ Kd6 26. Ra1 g6 27. f4 f6 28. Ra6+ Kd7 29. Nxe6 Bd5 30. Nd4 Bc4+ 31. Kf2 Rb7 32. Rxf6 Ke7 33. Rc6 Bd5 34. Rc5 Kd6 35. Rc2 Ra7 36. b6 Ra3 37. Nb5+ 1-0


[Site "https://www.chess.com"]

[Event "Titled Tuesday Blitz February 07 Late 2023"]
[White "Zarnicki, Pablo"]
[Black "Bouget, Alexandre"]
[WhiteFideId "100137"]
[BlackFideId "681318"]
[WhiteElo "2514"]
[BlackElo "2267"]
[Result "1-0"]
[Round "03"]
[TimeControl "180+2"]
[Date "2023.02.07"]
[WhiteClock "0:02:03"]
[BlackClock "0:00:47"]

1. e4 e6 2. d3 d5 3. Qe2 Be7 4. Nf3 c5 5. g3 Nc6 6. Bg2 Nf6 7. e5 Nd7 8. O-O b6 9. c4 d4 10. h4 h6 11. Na3 Bb7 12. Re1 a6 13. Nc2 Qc7 14. a3 g5 15. hxg5 hxg5 16. Bxg5 Bxg5 17. Nxg5 Ncxe5 18. f4 Nc6 19. Nxf7 Kxf7 20. Qxe6+ Kg7 21. Qg4+ Kf8 22. Qf5+ Kg7 23. Bxc6 Nf6 24. Re6 Raf8 25. Rae1 Rf7 26. Qg5+ Kf8 27. Re8+ Nxe8 28. Rxe8# 1-0


[Site "https://www.chess.com"]

[Event "Titled Tuesday Blitz February 07 Late 2023"]
[White "Chor, Kevin"]
[Black "Gatterer, Florian"]
[WhiteFideId "2090740"]
[BlackFideId "811688"]
[WhiteElo "1944"]
[BlackElo "2170"]
[Result "1-0"]
[Round "03"]
[TimeControl "180+2"]
[Date "2023.02.07"]
[WhiteClock "0:00:40"]
[BlackClock "0:00:02"]

1. e4 c6 2. d4 d5 3. exd5 cxd5 4. c4 Nf6 5. Nc3 Nc6 6. Bf4 a6 7. c5 g6 8. Nf3 Bg7 9. Bd3 Bg4 10. O-O Bxf3 11. Qxf3 Nxd4 12. Qe3 Nc6 13. Na4 Nd7 14. Rad1 O-O 15. Be2 e5 16. Rxd5 exf4 17. Qd2 f3 18. Bxf3 Nce5 19. Nb6 Nxf3+ 20. gxf3 Nxb6 21. Rxd8 Raxd8 22. Qb4 Nd7 23. Rd1 Ne5 24. Rxd8 Rxd8 25. Qxb7 Bf8 26. c6 Nxf3+ 27. Kg2 Nh4+ 28. Kh3 Rd3+ 29. Kxh4 h5 30. f3 Rxf3 31. Qd7 Kh7 32. c7 Kh6 33. Qd2+ Kg7 34. Qc3+ Kh7 35. Qxf3 1-0


[Site "https://www.chess.com"]

[Event "Titled Tuesday Blitz February 07 Late 2023"]
[White "Reprintsev, Alexander"]
[Black "Kalajzic, Ivan"]
[WhiteFideId "14100541"]
[BlackFideId "14506378"]
[WhiteElo "2253"]
[BlackElo "2062"]
[Result "1-0"]
[Round "03"]
[TimeControl "180+2"]
[Date "2023.02.07"]
[WhiteClock "0:01:04"]
[BlackClock "0:00:04"]

1. e4 Nc6 2. d4 e5 3. dxe5 Nxe5 4. Nf3 Nxf3+ 5. Qxf3 Qf6 6. Nc3 Bb4 7. Bd2 Qxf3 8. gxf3 Ne7 9. a3 Ba5 10. Rg1 O-O 11. O-O-O a6 12. e5 b5 13. Bg5 Bxc3 14. Bxe7 Re8 15. Bf6 Bxe5 16. Rxg7+ Kf8 17. Bxe5 Rxe5 18. Rxh7 d6 19. Bh3 Bxh3 20. Rh8+ Ke7 21. Rxa8 Re2 22. Rh8 Bf5 23. Rd5 Bg6 24. h4 Rxc2+ 25. Kd1 Rxf2 26. h5 Bc2+ 27. Kc1 c6 28. Rd2 Rxd2 29. Kxd2 Bf5 30. Ke3 Kf6 31. Kf4 d5 32. Ra8 d4 33. Rxa6 Bd7 34. b4 Ke6 35. Ke4 Kd6 36. Kxd4 Bf5 37. h6 1-0


[Site "https://www.chess.com"]

[Event "Titled Tuesday Blitz February 07 Late 2023"]
[White "Kochetov, Andrey"]
[Black "Li, Hui"]
[WhiteFideId "24130532"]
[BlackFideId "15400310"]
[WhiteElo "2165"]
[BlackElo "1963"]
[Result "0-1"]
[Round "03"]
[TimeControl "180+2"]
[Date "2023.02.07"]
[WhiteClock "0:00:01"]
[BlackClock "0:00:29"]

1. e4 e5 2. Nf3 Nf6 3. Nxe5 d6 4. Nf3 Nxe4 5. d4 d5 6. Bd3 Be7 7. O-O Nc6 8. h3 O-O 9. c4 Nb4 10. Nc3 Nxd3 11. Qxd3 Nxc3 12. bxc3 dxc4 13. Qxc4 Be6 14. Qd3 c5 15. a4 cxd4 16. cxd4 Rc8 17. Re1 Bf6 18. Bf4 Qd7 19. Ne5 Bxe5 20. Bxe5 Bd5 21. a5 f6 22. Bf4 Rfe8 23. Rac1 Rxe1+ 24. Rxe1 Re8 25. Rc1 Rc8 26. Qg3 Rxc1+ 27. Bxc1 Kf7 28. Qb8 Qc6 29. Ba3 Bxg2 30. Qg3 Bd5 31. Qe3 Qe6 32. Qc3 Qe4 33. Kf1 h5 34. Qc7+ Kg6 35. Qc3 Qf3 36. Qc2+ Be4 37. Qb2 Qxh3+ 38. Ke2 Qd3+ 39. Ke1 Bf3 40. Qc1 Qe2# 0-1


[Site "https://www.chess.com"]

[Event "Titled Tuesday Blitz February 07 Late 2023"]
[White "Kostiukov, Alexandr"]
[Black "Petrovic, Aleksa"]
[WhiteFideId "14108100"]
[BlackFideId "967629"]
[WhiteElo "2271"]
[BlackElo "2332"]
[Result "0-1"]
[Round "03"]
[TimeControl "180+2"]
[Date "2023.02.07"]
[WhiteClock "0:00:03"]
[BlackClock "0:01:31"]

1. g3 d5 2. Bg2 Nf6 3. d3 c6 4. e4 Bg4 5. f3 Bc8 6. e5 Nfd7 7. f4 e6 8. Nf3 c5 9. c4 d4 10. O-O Nc6 11. Qe2 Qc7 12. Nbd2 b6 13. Ne4 Bb7 14. Bd2 a5 15. a3 Be7 16. h4 h5 17. Kh2 g6 18. Qf2 a4 19. Rfe1 Na5 20. Bxa5 bxa5 21. Rab1 Bc6 22. b3 Kf8 23. bxa4 Bxa4 24. Nfg5 Kg7 25. Nd6 Bxd6 26. exd6 Qxd6 27. Bxa8 Rxa8 28. Rb2 Nf6 29. Kh3 Ng4 30. Qf3 Bc6 31. Qe2 Re8 32. Nf3 Ba8 33. Ne5 Ne3 34. Reb1 f6 35. Nf3 Qc6 0-1


[Site "https://www.chess.com"]

[Event "Titled Tuesday Blitz February 07 Late 2023"]
[White "Zochowski, Kacper"]
[Black "Hoffmann, Asa"]
[WhiteFideId "1125494"]
[BlackFideId "2001470"]
[WhiteElo "2262"]
[BlackElo "2185"]
[Result "1-0"]
[Round "03"]
[TimeControl "180+2"]
[Date "2023.02.07"]
[WhiteClock "0:00:44"]
[BlackClock "0:01:05"]

1. Nf3 d6 2. c4 e5 3. Nc3 f5 4. d4 e4 5. Ng5 Nf6 6. g3 c6 7. d5 Qe7 8. Bg2 h6 9. Nh3 g5 10. O-O Bg7 11. f3 c5 12. Nf2 e3 13. Nd3 Nh5 14. f4 gxf4 15. Nxf4 Nxf4 16. Rxf4 Bd4 17. Nb5 Be5 18. Rf3 a6 19. Na3 f4 20. gxf4 Bd4 21. Nc2 Rg8 22. Nxd4 cxd4 23. Qxd4 Qg7 24. Rxe3+ Kf7 25. Qxg7+ Rxg7 26. Rg3 Nd7 27. Be3 Nf6 28. Bd4 Rxg3 29. hxg3 Bg4 30. Bxf6 Kxf6 31. Kf2 Re8 32. e4 h5 33. Ke3 b5 34. b3 bxc4 35. bxc4 Rb8 36. Kd4 Rb2 37. e5+ Ke7 38. Be4 Rd2+ 39. Ke3 Rb2 40. Rb1 Rxa2 41. Rb7+ Kd8 42. exd6 Ra3+ 43. Kd4 Rxg3 44. c5 h4 45. c6 Ke8 46. d7+ Ke7 47. Ke5 Re3 48. d6+ Kf7 49. d8=Q+ 1-0


[Site "https://www.chess.com"]

[Event "Titled Tuesday Blitz February 07 Late 2023"]
[White "Bernat, David"]
[Black "Ramirez Allo, Eduardo"]
[WhiteFideId "2099225"]
[BlackFideId "2224178"]
[WhiteElo "1862"]
[BlackElo "2274"]
[Result "1/2-1/2"]
[Round "03"]
[TimeControl "180+2"]
[Date "2023.02.07"]
[WhiteClock "0:00:10"]
[BlackClock "0:00:07"]

1. c4 Nf6 2. Nc3 g6 3. e4 d6 4. g3 Bg7 5. Bg2 O-O 6. Nge2 c5 7. O-O Nc6 8. d3 Rb8 9. h3 a6 10. f4 Nd7 11. a4 b6 12. Be3 Bb7 13. d4 cxd4 14. Nxd4 Rc8 15. b3 Nc5 16. Rb1 e6 17. b4 Nd7 18. Nxc6 Rxc6 19. Ne2 Rxc4 20. Qxd6 Bxe4 21. Rbd1 Bxg2 22. Kxg2 Qa8+ 23. Kg1 Nf6 24. Qxb6 Rb8 25. Qa7 Rcxb4 26. Qxa8 Rxa8 27. a5 Nd5 28. Bd4 Bxd4+ 29. Rxd4 Rb2 30. Rf2 Rc8 31. Nc3 Rb3 32. Nxd5 exd5 33. Rxd5 Rxg3+ 34. Kh2 Rcc3 35. Rd6 Rxh3+ 36. Kg2 Rcg3+ 37. Kf1 Rf3 38. Rxa6 Rxf2+ 39. Kxf2 Ra3 40. Ra8+ Kg7 41. a6 h6 42. Kg2 g5 43. f5 h5 44. a7 h4 45. Kh2 g4 46. Kg2 Ra2+ 47. Kg1 g3 48. f6+ Kxf6 49. Rh8 Rxa7 50. Rxh4 Kg5 51. Rb4 f5 52. Kg2 f4 53. Rb8 Ra2+ 54. Kf3 Rf2+ 55. Ke4 f3 56. Rg8+ Kh4 57. Kf4 Kh5 58. Rxg3 Ra2 59. Rxf3 Ra4+ 60. Ke3 Ra3+ 61. Kf2 Rxf3+ 62. Kxf3 1/2-1/2


[Site "https://www.chess.com"]